Map: Romanticide LE

Players

Epic

  • Race: Terran Terran
  • League: Grandmaster

Namshar - Winner!

  • Race: Zerg Zerg
  • League: Master

Event: DreamHack SC2 Masters 2021 Summer

VOD

Have the link to the VOD?

Description

Time

  • Played on: May 26, 2021, 4:35 p.m.
  • Length: 19:32

All games in this series

Show
View Real Time Build Order
Export as new Build Order

Epic Terran 

Build Orders: Reaper Expand, Hellion Banshee 

Get SALT Encoding   

  12  0:00  SCV  
  13  0:12  SCV  
  14  0:16  Supply Depot  
  14  0:24  SCV  
  15  0:38  SCV  
  15  0:39  Barracks  
  16  0:43  Refinery  
  16  0:50  SCV  
  17  1:02  SCV  
  18  1:14  SCV  
  19  1:26  Orbital Command  
  19  1:27  Reaper  
  20  1:38  Command Center  
  20  1:47  Supply Depot  
  20  1:52  SCV  
  21  1:59  Marine  
  22  2:04  SCV  
  23  2:11  Factory  
  23  2:16  SCV  
  23  2:22  Barracks Reactor  
  24  2:28  SCV  
  25  2:35  Command Center  
  25  2:41  SCV  
  25  2:51  Orbital Command  
  26  2:53  SCV  
  26  2:54  Refinery  
  27  2:58  Starport  
  27  3:05  SCV  
  28  3:07  Hellion  
  28  3:11  Hellion  
  32  3:13  Barracks Tech Lab  
  32  3:17  SCV x2  
  34  3:28  Hellion  
  34  3:29  SCV  
  34  3:30  SCV  
  34  3:32  Hellion  
  40  3:40  Banshee  
  43  3:43  SCV x2  
  43  3:47  Orbital Command  
  45  3:51  Cloaking Field  
  45  3:55  SCV x2  
  47  3:56  Hellion  
  47  3:59  Hellion  
  51  4:07  SCV x2  
  51  4:09  Supply Depot  
  53  4:13  SCV  
  54  4:19  SCV x2  
  54  4:20  Hellion  
  54  4:21  Hellion  
  60  4:24  Barracks Tech Lab  
  60  4:25  SCV  
  60  4:28  Supply Depot  
  60  4:30  Banshee  
  64  4:31  SCV x2  
  64  4:33  Engineering Bay  
  64  4:36  Engineering Bay  
  66  4:44  SCV x2, Orbital Command  
  68  4:47  Stimpack  
  68  4:54  Barracks  
  68  4:55  Supply Depot  
  68  4:58  SCV x2  
  70  5:00  Barracks  
  70  5:01  Refinery  
  70  5:02  Refinery  
  70  5:04  Factory Reactor  
  70  5:10  SCV x3  
  73  5:14  Barracks  
  73  5:16  Barracks  
  73  5:19  Terran Infantry Weapons Level 1  
  73  5:23  SCV, Starport Reactor  
  73  5:26  Supply Depot  
  73  5:27  Terran Infantry Armor Level 1, SCV  
  73  5:28  SCV  
  76  5:35  SCV  
  77  5:41  SCV x2  
  77  5:42  Marine x3  
  80  5:47  SCV  
  83  5:56  SCV x2  
  84  5:59  SCV  
  84  6:00  Medivac x2  
  88  6:07  Barracks Reactor  
  88  6:08  Barracks Reactor  
  88  6:11  Marine x5  
  88  6:17  Siege Tank  
  88  6:18  SCV x3  
  99  6:19  Supply Depot x2  
  99  6:20  Supply Depot  
  99  6:26  Combat Shield  
  99  6:29  Marine x2  
  99  6:32  Barracks  
  101  6:33  Barracks x2  
  101  6:34  SCV x2, Marine  
  101  6:40  SCV, Medivac x2  
  101  6:41  Supply Depot  
  101  6:43  Supply Depot  
  101  6:44  Marine x3  
  107  6:49  Siege Tank  
  107  6:53  Supply Depot  
  107  6:54  Supply Depot  
  110  6:59  Armory, Marine x2  
  110  7:00  Marine x2  
  114  7:07  Marine x5  
  119  7:13  Supply Depot  
  119  7:17  Marine x2  
  121  7:24  Marine x5  
  121  7:25  Marine x4, Siege Tank  
  121  7:28  Medivac x2  
  137  7:39  Marine  
  138  7:45  Command Center  
  127  7:59  Terran Infantry Armor Level 2, Terran Infantry Weapons Level 2  
  127  8:00  Marine x8  
  127  8:02  Marine  
  127  8:03  SCV  
  127  8:05  SCV  
  138  8:07  SCV  
  139  8:14  Marine x3  
  139  8:17  Marine  
  139  8:18  Marine x2  
  140  8:26  Medivac, Siege Tank  
  137  8:27  Marine x5  
  121  8:38  Marine x7  
  117  8:45  Marine x3  
  118  8:50  Marine x2  
  120  8:56  Marine x7  
  120  8:59  Siege Tank  
  120  9:01  SCV x3  
  133  9:03  Marine  
  133  9:04  Marine x2  
  133  9:07  Marine  
  133  9:09  Marine  
  138  9:10  Medivac  
  138  9:11  Medivac  
  138  9:14  Marine x6  
  145  9:27  Marine x3  
  145  9:28  Marine x3  
  130  9:32  Marine x2, Planetary Fortress  
  130  9:34  SCV  
  130  9:35  SCV x2  
  130  9:38  Marine x4  
  136  9:40  Siege Tank  
  136  9:45  Marine x6  
  139  9:48  Medivac x2  
  139  9:49  Marine  
  150  9:54  SCV  
  150  9:55  SCV x2, Marine x2  
  150  9:56  Factory, Marine x3  
  158  10:03  Marine x3  
  158  10:04  Marine  
  158  10:05  Marine x2  
  164  10:07  Drilling Claws, Marine  
  164  10:13  Marine x2  
  154  10:15  Widow Mine, Barracks Tech Lab  
  154  10:16  Barracks Tech Lab x2  
  154  10:17  SCV x4  
  159  10:26  Command Center  
  159  10:28  Marauder, Medivac x2  
  165  10:32  Marine  
  165  10:33  Marine x7  
  165  10:35  Marauder x2, Concussive Shells  
  177  10:46  Factory Tech Lab  
  179  10:56  Marauder  
  179  10:58  Marauder  
  180  11:07  Marine  
  180  11:08  Marauder  
  180  11:14  Marine x3  
  180  11:15  Factory Reactor, Marine  
  180  11:18  Marine x2  
  180  11:19  Marine  
  180  11:25  Marine  
  179  11:29  Marine  
  180  11:35  Marine  
  180  11:36  Marine x2  
  180  11:37  Marauder, Marine x4, Thor, Medivac x2  
  180  11:38  Marauder x2  
  191  11:43  Marine  
  184  11:47  Marauder  
  184  11:53  Marine x2  
  140  11:59  SCV x4, Marauder  
  141  12:03  Marine x8  
  141  12:05  Widow Mine x2  
  141  12:08  Marine  
  153  12:11  Marine x2  
  153  12:15  Medivac x2  
  159  12:18  Command Center, Supply Depot x2  
  159  12:19  Supply Depot  
  159  12:20  Marine  
  159  12:21  Widow Mine, Marine  
  159  12:22  SCV x3  
  166  12:23  Refinery  
  166  12:25  Refinery  
  166  12:26  Refinery  
  166  12:29  Widow Mine x2  
  170  12:36  Marauder  
  172  12:37  Barracks Tech Lab  
  172  12:39  Marine x6, Supply Depot  
  172  12:40  Marauder x2, Marine x2  
  172  12:42  Widow Mine  
  186  12:45  Missile Turret x2  
  186  12:46  Missile Turret  
  186  12:47  Missile Turret  
  186  12:51  Widow Mine x2  
  190  12:58  Marine  
  191  13:00  Medivac x2  
  167  13:17  Marauder x3  
  167  13:19  Marine x6  
  160  13:20  Widow Mine x3  
  163  13:29  Command Center  
  163  13:31  Medivac x2  
  161  13:46  Refinery  
  157  13:53  Marauder x4, Marine x8  
  157  13:54  Widow Mine x2  
  157  13:55  Widow Mine  
  170  14:02  Medivac x2  
  171  14:11  Marine x2  
  171  14:13  Marine x4  
  171  14:14  Planetary Fortress  
  172  14:27  Widow Mine x2  
  130  14:43  Widow Mine, Medivac x2  
  130  14:44  Marauder x3, Marine x8  
  130  14:45  Marine  
  145  14:53  Orbital Command  
  145  14:56  Widow Mine x2  
  149  15:02  Armory  
  149  15:05  Widow Mine, SCV x4  
  153  15:12  Missile Turret  
  153  15:13  Missile Turret  
  153  15:14  SCV  
  154  15:17  SCV  
  154  15:20  Widow Mine x2  
  159  15:22  Marine x3  
  159  15:26  Widow Mine  
  155  15:37  Marine x9  
  155  15:39  Medivac x2  
  157  15:51  Widow Mine x3  
  141  16:05  Marauder x4, Marine x3  
  141  16:06  Missile Turret  
  144  16:20  SCV x6  
  147  16:26  Marauder  
  147  16:27  Marauder x2  
  147  16:28  Missile Turret  
  153  16:33  Widow Mine, Medivac  
  153  16:34  Widow Mine x2, Medivac  
  153  16:38  Marauder  
  165  16:40  Marine x8  
  169  16:48  Marauder x2  
  173  16:55  Widow Mine x2  
  173  16:59  Widow Mine  
  176  17:05  Marine x8  
  153  17:10  Medivac x2  
  140  17:16  Widow Mine x2  
  140  17:17  Command Center  
  140  17:21  Thor  
  146  17:24  Marine x9  
  147  17:36  Terran Vehicle And Ship Armor Level 1  
  147  17:39  Marauder x2  
  147  17:40  Marauder  
  147  17:43  Widow Mine x2  
  157  17:47  Marine x9  
  166  17:53  Medivac  
  168  18:00  Marine x2  
  148  18:14  Marine x8  
  148  18:18  Marine x4  
  138  18:25  Widow Mine x3  
  144  18:30  Medivac  
  144  18:31  Medivac  
  144  18:32  Marine x2  
  148  18:37  Orbital Command, Marauder x2, Marine  
  148  18:38  Marauder, Marine x3  
  158  18:50  Widow Mine x3  
  158  18:55  Missile Turret  
  162  19:01  Marine x3  
  147  19:08  Marine x3  
  129  19:13  Marine x2  
  129  19:14  Marine  
Show
View Real Time Build Order
Export as new Build Order

Namshar Zerg - Winner!

Build Orders: Hatch First 

Get SALT Encoding   

  12  0:00  Drone  
  13  0:12  Overlord  
  13  0:17  Drone  
  14  0:30  Drone x2  
  16  0:48  Hatchery  
  15  0:51  Drone  
  15  0:55  Drone  
  17  0:58  Drone  
  18  1:09  Extractor  
  17  1:13  Spawning Pool  
  17  1:16  Drone  
  17  1:19  Drone  
  18  1:28  Drone  
  19  1:38  Drone  
  20  1:49  Drone  
  21  1:59  Queen x2  
  21  2:00  Zergling x4  
  27  2:13  Hatchery  
  26  2:18  Overlord  
  26  2:20  Drone  
  27  2:28  Drone x2  
  28  2:34  Metabolic Boost  
  28  2:38  Drone x2  
  30  2:44  Drone  
  30  2:45  Overlord  
  31  2:53  Queen  
  31  2:57  Drone  
  34  3:00  Drone  
  34  3:05  Drone x2  
  37  3:14  Drone x3  
  37  3:15  Queen  
  37  3:19  Overlord  
  42  3:23  Overlord  
  42  3:25  Drone  
  43  3:27  Drone  
  43  3:33  Queen  
  46  3:42  Drone  
  46  3:43  Drone x2  
  46  3:46  Drone x2  
  46  3:48  Drone x4  
  53  3:53  Queen  
  57  4:05  Overlord  
  57  4:06  Drone x5  
  61  4:11  Zergling x4  
  61  4:13  Queen  
  61  4:16  Lair  
  65  4:21  Overlord  
  65  4:22  Overlord  
  65  4:32  Spore Crawler x2  
  65  4:34  Spore Crawler  
  65  4:36  Extractor, Drone x7  
  65  4:37  Extractor  
  67  4:39  Zergling x4  
  69  4:49  Zergling x2  
  69  4:50  Zergling x4  
  69  4:51  Overlord  
  69  4:52  Drone  
  73  4:59  Evolution Chamber x2  
  71  5:01  Zergling x2, Baneling Nest  
  71  5:02  Zergling x2  
  71  5:03  Drone x4  
  76  5:13  Drone x3  
  79  5:25  Overlord  
  79  5:26  Drone x8  
  87  5:34  Zerg Melee Weapons Level 1, Zerg Ground Armor Level 1  
  86  5:45  Drone x3  
  86  5:46  Drone x4  
  86  5:49  Extractor x2  
  91  5:50  Extractor, Centrifical Hooks  
  91  5:53  Hatchery  
  91  5:56  Overseer  
  82  5:59  Drone x4  
  84  6:08  Drone x2  
  86  6:19  Drone x5  
  91  6:25  Drone  
  91  6:30  Overlord  
  91  6:31  Zergling x18  
  100  6:42  Baneling x2  
  100  6:43  Baneling x3  
  100  6:45  Zergling x6  
  103  6:52  Overlord  
  103  6:53  Overlord x2  
  103  6:56  Hatchery  
  103  6:57  Zergling x4  
  104  7:03  Zergling x4  
  104  7:05  Baneling x5  
  106  7:08  Hatchery  
  106  7:10  Zergling x14  
  106  7:11  Zergling x4  
  106  7:15  Baneling x3  
  114  7:22  Drone  
  114  7:24  Drone x3  
  117  7:31  Zerg Ground Armor Level 2, Zerg Melee Weapons Level 2  
  117  7:32  Drone x10  
  117  7:36  Baneling  
  127  7:38  Zergling x6  
  127  7:42  Zergling x8  
  134  7:44  Baneling x7  
  134  7:45  Zergling x2  
  134  7:53  Zergling x6  
  134  7:59  Overlord  
  134  8:00  Overlord x6  
  134  8:07  Baneling x5  
  133  8:13  Queen  
  133  8:19  Zergling x26  
  147  8:26  Zergling x6  
  146  8:28  Baneling  
  146  8:30  Zergling x12  
  141  8:35  Zergling x10  
  141  8:36  Zergling x4  
  141  8:40  Baneling x8  
  137  8:42  Baneling  
  137  8:43  Baneling x4  
  137  8:47  Zergling x18  
  141  8:51  Queen  
  141  8:54  Queen  
  141  8:55  Zergling x8  
  147  8:56  Baneling x9  
  147  8:59  Drone  
  147  9:00  Spire  
  147  9:01  Zergling x18  
  156  9:03  Baneling  
  156  9:04  Baneling x4  
  156  9:10  Baneling x2  
  146  9:28  Drone, Zergling x2  
  146  9:29  Zergling x42, Infestation Pit  
  153  9:33  Queen  
  155  9:48  Baneling x8  
  155  9:49  Pneumatized Carapace, Overseer  
  155  9:55  Zergling x36  
  171  10:11  Hatchery  
  166  10:15  Mutalisk x10, Hive  
  166  10:19  Zerg Flyer Weapons Level 1  
  186  10:23  Baneling  
  186  10:24  Baneling x9, Overlord  
  186  10:33  Mutalisk x4  
  194  10:41  Overlord  
  182  10:58  Mutalisk  
  182  10:59  Hatchery, Mutalisk x3  
  189  11:09  Baneling x5  
  189  11:10  Zergling x16  
  196  11:17  Baneling x4  
  196  11:18  Baneling, Overseer  
  192  11:19  Overseer  
  187  11:27  Mutalisk  
  187  11:30  Zergling x28  
  195  11:44  Mutalisk x3  
  190  11:52  Mutalisk  
  163  11:54  Zergling x4  
  163  11:55  Zergling x28  
  170  12:08  Ultralisk Cavern  
  167  12:11  Zergling x28  
  180  12:16  Extractor  
  180  12:17  Extractor  
  180  12:18  Drone x3  
  180  12:19  Zergling x2  
  180  12:21  Zerg Ground Armor Level 3  
  182  12:24  Zergling x6  
  182  12:25  Baneling x4  
  182  12:28  Zergling x2  
  182  12:29  Zergling x2  
  187  12:32  Zergling x2  
  187  12:34  Zergling x12  
  194  12:37  Zerg Melee Weapons Level 3  
  194  12:40  Zergling x6  
  194  12:41  Zergling x6  
  194  12:43  Baneling x4  
  200  12:52  Adrenal Glands  
  196  12:59  Baneling  
  196  13:00  Baneling x5  
  155  13:13  Zergling x2  
  155  13:14  Zergling x32  
  155  13:17  Zergling x2  
  155  13:18  Zergling x28  
  165  13:24  Zergling x2  
  165  13:28  Zergling x6  
  165  13:33  Baneling x3  
  168  13:35  Hatchery  
  168  13:36  Overlord, Chitinous Plating  
  165  13:45  Hatchery  
  163  13:52  Zerg Flyer Weapons Level 2  
  163  13:54  Mutalisk  
  163  13:55  Mutalisk x4  
  173  13:57  Zergling x2  
  173  13:58  Zergling x22  
  173  13:59  Baneling  
  173  14:00  Baneling x2  
  174  14:10  Zergling x2  
  174  14:11  Zergling x22  
  174  14:13  Baneling x8  
  174  14:15  Hatchery  
  164  14:26  Mutalisk  
  164  14:27  Mutalisk  
  152  14:32  Mutalisk  
  152  14:37  Mutalisk  
  147  14:38  Zergling x2  
  147  14:39  Zergling x18  
  156  14:55  Mutalisk x2, Anabolic Synthesis  
  156  14:57  Zergling x20  
  170  15:02  Hatchery  
  169  15:08  Zergling x2  
  169  15:09  Zergling x12  
  169  15:13  Overseer  
  176  15:15  Baneling x16  
  176  15:21  Baneling x2, Zergling x26  
  189  15:34  Mutalisk x3  
  189  15:36  Zergling x22  
  199  15:46  Baneling  
  199  15:47  Baneling x8  
  199  15:48  Zergling x8  
  190  15:57  Baneling  
  190  15:58  Baneling x4  
  179  16:06  Mutalisk x2  
  179  16:08  Zergling x20  
  191  16:16  Overseer  
  191  16:17  Overseer x2  
  191  16:25  Zergling x22  
  200  16:38  Overseer x2  
  199  16:43  Zergling x6  
  197  16:56  Zergling x6  
  178  17:09  Zergling x32  
  178  17:10  Zergling x8  
  191  17:24  Zergling x16  
  199  17:35  Baneling x23  
  199  17:45  Baneling x9  
  199  17:48  Baneling  
  199  17:56  Baneling x2  
  199  17:57  Baneling x8  
  196  18:10  Zergling x22  
  189  18:16  Zergling x24  
  191  18:24  Ultralisk  
  192  18:36  Zergling x2, Ultralisk  
  192  18:40  Baneling x6  
  193  19:06  Zergling x8  
  193  19:07  Zergling x16  
Tags
 
Add a new tag
Caveats
  • Supply blocks, unpowered buildings, or Contaminate may cause inaccurate times.
  • Supply counts are checked every 10 seconds.